 Dungeon Sprint DCSS version 0.31-a0-632-g766dd24fdf (webtiles) character file.

Game seed: 9795863680736916108

1221 sircluck the Grappler (level 8, 0/92 HPs)
             Began as a Troll Berserker on Aug 25, 2023.
             Was an Elder of Trog.
             Succumbed to Sonja's poison
             ... in the Dungeon (Sprint I: "Red Sonja").
             The game lasted 00:01:22 (482 turns).

sircluck the Grappler (Troll Berserker)              Turns: 482, Time: 00:01:22

Health: 0/92       AC:  6    Str: 28    XL:     8   Next: 23%
Magic:  7/7        EV: 12    Int:  3    God:    Trog [****..]
Gold:   360        SH:  0    Dex:  9    Spells: 7/7 levels left

rFire   . .          .
                       - Unarmed
rCold   . . .        (no shield)
rNeg    + . .        i - +2 robe {rN+}
rPois   .            (helmet restricted)
rElec   .            (no cloak)
rCorr   .            (gloves unavailable)
SInv    .            (boots unavailable)
Will    .....        (no amulet)
Stlth   +            (no ring)
HPRegen 1.15/turn    (no ring)
MPRegen 0.10/turn

%: no teleportation
@: lethally poisoned (0 -> -44), slowed, very slow
A: large, unfitting armour, claws 3, regeneration 1, shaggy fur 1, tough skin 1
a: Renounce Religion, Berserk, Trog's Hand, Brothers in Arms


You were in the Dungeon.
You worshipped Trog.
Trog was greatly pleased with you.
You visited 1 branch You collected 425 gold pieces.
You spent 65 gold pieces at shops.

Inventory:

Armour
 a - a +0 animal skin
 i - a +2 robe of positive energy (worn)
Wands
 h - a wand of flame (7)
Scrolls
 g - a scroll of blinking
Potions
 c - a potion of heal wounds
 d - a potion of haste
 e - 2 potions of magic
 f - a potion of berserk rage
 j - a potion of degeneration {unknown}


   Skills:
 + Level 9.4 Fighting
 + Level 9.2 Dodging
 + Level 11.0 Unarmed Combat


You had 7 spell levels left.
You didn't know any spells.
Your spell library was empty.

Dungeon Overview and Level Annotations

Branches:
Dungeon (1/1)

Altars:
Cheibriados
Dithmenos
Elyvilon
Fedhas
Gozag
Hepliaklqana
Kikubaaqudgha
Makhleb
Nemelex Xobeh
Okawaru
Qazlal
Ru
Sif Muna
Trog
Uskayaw
Vehumet
Wu Jian
Xom
Yredelemnul
Zin
The Shining One
Jiyva
Lugonu

Shops:
D !

Annotations:
D Sonja


Innate Abilities, Weirdness & Mutations

You are too large for most types of armour.
You have claws for hands.
Your natural rate of healing is unusually fast.
You are covered in fur. (AC +1)
You have tough skin. (AC +1)


Message History

You completely miss Sonja.
Sonja is moderately wounded.
* * * LOW HITPOINT WARNING * * *
You feel extremely sick. Sonja hits you but does no damage.
You are more poisoned.
Sonja hits you with a +2 dagger of venom.
* * * LOW HITPOINT WARNING * * *
Sonja hits you with a +2 dagger of venom.
* * * LOW HITPOINT WARNING * * *
You are more poisoned.
Sonja closely misses you. x2; Sonja hits you but does no damage.
You are more poisoned.
You feel better.
Sonja hits you with a +2 dagger of venom.
* * * LOW HITPOINT WARNING * * *
You are poisoned.
Sonja hits you with a +2 dagger of venom.
* * * LOW HITPOINT WARNING * * *
You are lethally poisoned!
Sonja barely misses you. Sonja closely misses you.
Sonja hits you with a +2 dagger of venom.
* * * LOW HITPOINT WARNING * * *
You are more poisoned.
Sonja barely misses you.
You feel much better.
You feel extremely sick.
Sonja hits you with a +2 dagger of venom.
* * * LOW HITPOINT WARNING * * *
You are lethally poisoned!
Sonja hits you with a +2 dagger of venom.
* * * LOW HITPOINT WARNING * * *
You are more poisoned.
Sonja hits you with a +2 dagger of venom.
* * * LOW HITPOINT WARNING * * *
Sonja barely misses you. x2; Sonja hits you but does no damage.
You are more poisoned.
You claw Sonja! Your claw misses Sonja.
Sonja is heavily wounded.
You die...

#..').#..').#..'..'..#)..#
#..#####'#####'#__####...+
#..####..#...#.#### #####
#..#__####..##.#
#..#_____##'#_.+
#⌠⌠#_.∩...'..._#
####_..__##_.#'#
#_____###K#.# #######
#@### +$.$+ #$.$# ##.##
#+#


You could see Sonja.

Vanquished Creatures
  2 kobold demonologists (D)
  Sigmund (D)
  A slime creature (D)
  A yak (D)
  A floating eye (D)
  An ogre (D)
  A jelly (D)
  Ijyb (D)
9 creatures vanquished.

Notes
Turn   | Place    | Note
-------+----------+-------------------------------------------
     0 | D        | sircluck the Troll Berserker began the quest for the Orb.
     0 | D        | Reached XP level 1. HP: 22/22 MP: 0/0
     1 | D        | Noticed Ijyb
     9 | D        | Killed Ijyb
    10 | D        | Reached skill level 4 in Unarmed Combat
    10 | D        | Reached XP level 2. HP: 25/32 MP: 1/1
    60 | D        | Noticed an ogre
    64 | D        | Killed an ogre
    65 | D        | Reached skill level 5 in Fighting
    65 | D        | Reached skill level 5 in Dodging
    65 | D        | Reached skill level 6 in Unarmed Combat
    65 | D        | Reached XP level 3. HP: 30/42 MP: 2/2
    65 | D        | Reached XP level 4. HP: 36/50 MP: 3/3
   115 | D        | Noticed Sigmund
   122 | D        | Killed Sigmund
   122 | D        | Reached ** piety under Trog
   123 | D        | Reached skill level 7 in Unarmed Combat
   123 | D        | Reached XP level 5. HP: 57/61 MP: 4/4
   123 | D        | Reached XP level 6. HP: 64/68 MP: 5/5
   147 | D        | Found an ornate altar of the Wu Jian Council.
   147 | D        | Found a shimmering blue altar of Sif Muna.
   149 | D        | Found a radiant altar of Vehumet.
   154 | D        | Reached skill level 8 in Unarmed Combat
   205 | D        | Found Eryrghilu's Distillery.
   205 | D        | Found an ancient bone altar of Kikubaaqudgha.
   205 | D        | Found a hazy altar of Hepliaklqana.
   205 | D        | Found a stormy altar of Qazlal.
   205 | D        | Found a hide-covered altar of Uskayaw.
   205 | D        | Found a blossoming altar of Fedhas.
   205 | D        | Found a bloodstained altar of Trog.
   205 | D        | Found an iron altar of Okawaru.
   205 | D        | Found a basalt altar of Yredelemnul.
   205 | D        | Found a glowing golden altar of the Shining One.
   205 | D        | Found a snail-covered altar of Cheibriados.
   205 | D        | Found a sacrificial altar of Ru.
   205 | D        | Found a glowing silver altar of Zin.
   205 | D        | Found a shadowy altar of Dithmenos.
   205 | D        | Found a white marble altar of Elyvilon.
   205 | D        | Noticed a yak
   213 | D        | Killed a yak
   214 | D        | Found an opulent altar of Gozag.
   215 | D        | Found a sparkling altar of Nemelex Xobeh.
   219 | D        | Bought a potion of heal wounds for 65 gold pieces
   230 | D        | Found a burning altar of Makhleb.
   230 | D        | Found a viscous altar of Jiyva.
   230 | D        | Found a shimmering altar of Xom.
   230 | D        | Found a corrupted altar of Lugonu.
   230 | D        | Noticed a slime creature
   237 | D        | Killed a slime creature
   238 | D        | Reached skill level 9 in Unarmed Combat
   238 | D        | Reached XP level 7. HP: 17/80 MP: 6/6
   407 | D        | Noticed a kobold demonologist
   407 | D        | Noticed a kobold demonologist
   409 | D        | Noticed a neqoxec
   409 | D        | Noticed an orange demon
   410 | D        | Reached *** piety under Trog
   413 | D        | Killed a kobold demonologist
   414 | D        | Reached skill level 10 in Unarmed Combat
   416 | D        | Killed a kobold demonologist
   416 | D        | Reached **** piety under Trog
   417 | D        | Reached skill level 11 in Unarmed Combat
   417 | D        | Reached XP level 8. HP: 92/92 MP: 7/7
   474 | D        | Noticed Sonja
   482 | D        | Succumbed to Sonja's poison

Illustrated notes

Levels and vault maps discovered:
D:        dungeon_sprint_1 [red_sonja_temple_1, red_sonja_temple_small_1]

Skill      XL: |  1  2  3  4  5  6  7 |
---------------+----------------------+-----
Fighting       | 3 5 6 8 9 |  9.4
Dodging        | 3 5 6 7 9 |  9.2
Unarmed Combat | 4 6 7 9 11 | 11.0

Action                     |  1- 3 |  4- 6 |  7- 9 || total
---------------------------+-------+-------+-------++-------
  Melee: Unarmed           |     9 |    23 |    11 ||    43
 Invoke: Berserk           |     2 |       |     1 ||     3
    Use: Potion            |       |       |     2 ||     2
 Armour: Animal skin       |     1 |       |       ||     1
         Robe              |       |       |     7 ||     7
  Dodge: Dodged            |     1 |     5 |    15 ||    21

Table legend: (Time is in decaauts)
 A = Elapsed time spent in this place.
 B = Non-inter-level travel time spent in this place.
 C = Inter-level travel time spent in this place.
 D = Time resting spent in this place.
 E = Time spent auto-exploring this place.
 F = Levels seen in this place.
 G = Mean time per level.
                   A        B        C        D        E       F      G
               +--------+--------+--------+--------+--------+-----+--------+
         Total |    514 |    486 |     28 |    335 |     21 |   1 |  514.0 |
       Dungeon |    514 |    486 |     28 |    335 |     21 |   1 |  514.0 |
               +--------+--------+--------+--------+--------+-----+--------+

Top non-repeatable levels by time:
       D: 514 daAuts
